 Dungeon Crawl Stone Soup version 0.26.1-11-gd32895ea62 (webtiles) character file.

Game seed: 11890872546669732332

9 jlumianski the Caller (level 2, 0/11 HPs)
             Began as a Felid Summoner on May 28, 2021.
             Killed from afar by Terence (8 damage)
             ... with a puff of flame
             ... on level 2 of the Dungeon.
             The game lasted 00:03:15 (723 turns).

jlumianski the Caller (Felid Summoner)               Turns: 723, Time: 00:03:16

Health: 0/11       AC:  1    Str:  4    XL:     2   Next: 3%
Magic:  1/6        EV: 18    Int: 16    God:
Gold:   27         SH:  0    Dex: 16    Spells: 2/5 levels left
                                        Lives:  0   Deaths: 0

rFire    . . .     SeeInvis +   (weapon unavailable)
rCold    . . .     Faith    .   (shield unavailable)
rNeg     . . .     Spirit   .   (armour unavailable)
rPois    .         Reflect  .   (helmet unavailable)
rElec    .         Harm     .   (cloak unavailable)
rCorr    .         Rampage  .   (gloves unavailable)
Will     .....                  (boots unavailable)
Stlth    +++.......             (no amulet)
HPRegen  0.03/turn              (no ring)
MPRegen  0.10/turn              (no ring)

@: quick
A: very small, no armour, no weapons or thrown items, stealth, claws 1, fangs 3,
see invisible, speed 1, shaggy fur 1, sharp paws
a: no special abilities


You were on level 2 of the Dungeon.
You visited 1 branch of the dungeon, and saw 2 of its levels.

You collected 27 gold pieces.

Inventory:

Scrolls
 a - 2 scrolls of identify {unknown}


   Skills:
 + Level 2.7 Dodging
 + Level 2.7 Stealth
 + Level 2.1 Spellcasting
 + Level 4.4 Summonings


You had 2 spell levels left.
You knew the following spells:

 Your Spells              Type           Power        Failure   Level
a - Summon Small Mammal   Summ           60%          3%          1
b - Call Imp              Summ           15%          4%          2

Your spell library contained the following spells:

 Spells                   Type           Power        Failure   Level
 Call Canine Familiar     Summ           15%          10%         3
 Summon Guardian Golem    Hex/Summ       8%           26%         3
 Summon Ice Beast         Ice/Summ       8%           63%         4
 Summon Lightning Spire   Summ/Air       8%           63%         4


Dungeon Overview and Level Annotations

Branches:
Dungeon (1/15)

Altars:

Annotations:
D:2 Terence


Innate Abilities, Weirdness & Mutations

You cannot wear armour.
You are incapable of wielding weapons or throwing items.
Your paws allow you to move quietly. (Stealth)
You have sharp claws.
You have razor-sharp teeth.
You have supernaturally acute eyesight. (SInv)
You cover ground quickly.
You are covered in fur. (AC +1)
Your sharp claws are effective at attacking unaware monsters.


Message History

Your bat hits the bat. The bat hits your bat.
Your bat hits the bat.
Terence the Incautious comes into view.
He is wielding a +0 short sword and carrying a wand of flame (8).
The bat barely misses your bat.
Your bat closely misses the bat.
The bat barely misses your bat.
Terence shouts!
The bat hits your rat but does no damage.
Your rat barely misses the bat.
Terence says, "How do you enjoy it?" The bat barely misses your rat.
A hobgoblin comes into view. It is wielding a +0 club.
Your bat barely misses Terence.
Terence completely misses you.
Your bat barely misses Terence.
Your bat barely misses the bat.
The bat misses your bat.
Your rat barely misses Terence.
The bat barely misses you. The bat misses you.
Your bat hits Terence but does no damage.
Terence zaps a wand.
The puff of flame hits you!
Ouch! That really hurt!
You die...

###... ## .....##+##
##. #......# ##.#
#......# ##.#.
#......# ##.#.#
#.)....# ##.#.## #
#b.r†..# ##.#.##.
.####.#b@##.##
#...##.#
......g@.##†#
#..##.#.
.####.#.###.#
##.##.#.#
#.#.###'####..###.#.
. #...b......## ##.#
## #..........# ##.
#..........# ##
#..........# #
#.###+###### #.


You could see Terence, a hobgoblin, a bat, a friendly bat (summoned) and a
friendly rat (summoned).

Vanquished Creatures
  A bat (D:2)
  A kobold (D:2)
  A rat (D:2)
3 creatures vanquished.

Vanquished Creatures (collateral kills)
  A worm (D:2)
  A bat (D:2)
  3 hobgoblins (D:2)
  A rat (D:2)
6 creatures vanquished.

Grand Total: 9 creatures vanquished

Notes
Turn   | Place    | Note
-------+----------+-------------------------------------------
     0 | D:1      | jlumianski the Felid Summoner began the quest for the Orb.
     0 | D:1      | Reached XP level 1. HP: 7/7 MP: 4/4
    57 | D:1      | You fall into a shaft and drop 1 floor!
   688 | D:2      | Reached XP level 2. HP: 11/11 MP: 0/6
   701 | D:2      | Learned a level 2 spell: Call Imp
   715 | D:2      | Noticed Terence
   723 | D:2      | Killed from afar by Terence

Illustrated notes

Levels and vault maps discovered:
D:1:      dpeg_arrival_erosion, layout_loops_cross
D:2:      minmay_inner_zag, layout_basic, uniq_terence

Action                   || total
-------------------------++-------
Melee: Unarmed           ||    13
 Cast: Summon Small Mamm ||    30
 Stab: Sleeping          ||     3
Armor: Skin              ||     6
Dodge: Dodged            ||    22
